 Dungeon Crawl Stone Soup version 0.25-a0-277-g7046ed1b37 (webtiles) character file.

Game seed: 11240221507333080232, levelgen mode: deterministic

79 MoonlitKnight the Skirmisher (level 4, 0/40 HPs)
             Began as a Hill Orc Abyssal Knight on Dec 8, 2019.
             Was a Believer of Lugonu.
             Slain by a dart slug (1 damage)
             ... on level 2 of the Dungeon.
             The game lasted 00:03:49 (1742 turns).

MoonlitKnight the Skirmisher (HOAK)                 Turns: 1742, Time: 00:03:50

Health: 0/40       AC:  3    Str: 15    XL:     4   Next: 37%
Magic:  7/7        EV: 11    Int: 12    God:    Lugonu [**....]
Gold:   85         SH:  0    Dex: 10    Spells: 3/3 levels left

rFire    . . .     SeeInvis .   a - +1 hand axe
rCold    . . .     Gourm    .   (no shield)
rNeg     . . .     Faith    .   b - +0 leather armour
rPois    .         Spirit   .   (no helmet)
rElec    .         Reflect  .   (no cloak)
rCorr    .         Harm     .   (no gloves)
MR       .....                  (no boots)
Stlth    +.........             (no amulet)
HPRegen  0.13/turn              (no ring)
MPRegen  0.10/turn              (no ring)

@: no status effects
A: no striking features
a: Depart the Abyss, Bend Space, Renounce Religion


You were on level 2 of the Dungeon.
You worshipped Lugonu.
Lugonu was pleased with you.
You were not hungry.

You visited 1 branch of the dungeon, and saw 2 of its levels.
You visited the Abyss 1 time.

You collected 85 gold pieces.

Inventory:

Hand Weapons
 a - a +1 hand axe (weapon)
Missiles
 j - 7 curare-tipped darts (quivered)
Armour
 b - a +0 leather armour (worn)
Jewellery
 e - an uncursed amulet of the acrobat {unknown}
Scrolls
 d - a scroll of magic mapping {unknown}
 f - 5 scrolls of identify {unknown}
 g - a scroll of fog {unknown}
 i - a scroll of remove curse {unknown}
Comestibles
 c - 3 rations


   Skills:
 - Level 4.1 Fighting
 - Level 4.0 Axes
 - Level 2.7 Armour
 - Level 0.7 Dodging
 + Level 4.1 Invocations


You had 3 spell levels left.
You didn't know any spells.
Your spell library was empty.

Dungeon Overview and Level Annotations

Branches:
Dungeon (2/15)

Altars:


Message History

* * * LOW HITPOINT WARNING * * *
You slash the worm!
You kill the worm!
Lugonu accepts your kill.
You hit the dart slug.
The dart slug is lightly wounded.
The dart slug launches a dart at you. The slug dart hits you.
* * * LOW HITPOINT WARNING * * *
You hit the dart slug but do no damage.
The dart slug is lightly wounded.
The dart slug launches a dart at you. The slug dart hits you!
* * * LOW HITPOINT WARNING * * *
You hit the dart slug.
The dart slug is heavily wounded.
You hit the dart slug.
The dart slug is almost dead.
The dart slug bites you.
You die...

###....##
###########.......#######
...........#####.........
#######.#.##...##.###.##
#.......#.#.....#.###.#
..........#....$#.....##
#.......#.#..%..#.###..#
#######.#.##...w###.##.#
. ##....#####@).).#.##
....##<......##'###.##..#
........##..##..#####...#
...####.###.#....#......#
. #.# #.#..).รท......#
##.###.##..##......#
#........####..##.###
##............###.#
#......##...## #.#


You could see a dart slug.

Vanquished Creatures
  An adder (D:2)
  An ooze (D:2)
  A worm (D:2)
  3 dart slugs (D:1)
  3 leopard geckos
  2 giant cockroaches
  5 goblins
  11 hobgoblins
  A jackal (D:2)
  3 kobolds (D:1)
  A ball python (D:1)
  9 bats
  2 frilled lizards (D:1)
  6 rats
49 creatures vanquished.

Notes
Turn   | Place    | Note
-------+----------+-------------------------------------------
     0 | Abyss:1  | MoonlitKnight the Hill Orc Abyssal Knight began the quest
                  | for the Orb.
     0 | Abyss:1  | Reached XP level 1. HP: 19/19 MP: 2/2
     0 | Abyss:1  | Found a corrupted altar of Lugonu.
    48 | D:1      | Escaped the Abyss
   274 | D:1      | Reached XP level 2. HP: 23/27 MP: 3/3
   551 | D:1      | Reached XP level 3. HP: 33/33 MP: 4/4
   626 | D:1      | Reached ** piety under Lugonu
  1463 | D:2      | Reached XP level 4. HP: 12/40 MP: 6/6
  1740 | D:2      | HP: 1/40 [dart slug/slug dart (7)]
  1742 | D:2      | Slain by a dart slug

Levels and vault maps discovered:
D:1:      lightli_arrival_isolated_outpost, layout_basic, grunt_decor_cap
D:2:      layout_basic, gammafunk_temple_overflow_elements, first_ration,
          minmay_joined_circles

Skill      XL: |  1  2  3  4 |
---------------+-------------+-----
Axes           | 3 4 |  4.0
Fighting       | 4 |  4.1
Invocations    | 3 4 |  4.1
Armour         | |  2.7
Dodging        | |  0.7

Action                   |  1- 3 |  4- 6 || total
-------------------------+-------+-------++-------
Melee: Hand axe          |   131 |    36 ||   167
  Use: Potion            |       |     1 ||     1
  Eat: Chunk             |     2 |     1 ||     3
Armor: Leather armour    |    48 |     6 ||    54
Dodge: Dodged            |    92 |    11 ||   103

Table legend:
 A = Non-vault XP
 B = Vault XP
 C = Vault XP percentage of total XP
 D = Non-vault monster count
 E = Vault monster count
 F = Vault count percentage of total count
                 A         B        C        D         E       F
            +---------+---------+-------+---------+---------+-------
      Total |      71 |      42 |  37.2 |      34 |      15 |  30.6
            +---------+---------+-------+---------+---------+-------
        D:1 |      60 |       0 |   0.0 |      31 |       0 |   0.0
        D:2 |      11 |      42 |  79.2 |       3 |      15 |  83.3
            +---------+---------+-------+---------+---------+-------
